 Dungeon Crawl Stone Soup version 0.17.0-26-gececa24 (webtiles) character file.

2762 Gravenous the Frost Mage (level 9, -2/51 HPs)
             Began as an Octopode Ice Elementalist on Nov 19, 2015.
             Was an Initiate of Fedhas.
             Slain by a mummy (12 damage)
             ... in an ossuary.
             The game lasted 00:18:14 (9394 turns).

Gravenous the Frost Mage (OpIE)                     Turns: 9394, Time: 00:18:14

Health: -2/51      AC: 16    Str: 12    XL:     9   Next: 69%
Magic:  12/15      EV: 15    Int: 27    God:    Fedhas [......]
Gold:   281        SH:  0    Dex: 13    Spells: 5 memorised, 2 levels left

rFire  + . .     SeeInvis .     y - +2 trident (protect)
rCold  + . .     Clarity  .     (no shield)
rNeg   . . .     SustAt   .     (helmet restricted)
rPois  +         Gourm    .     (no amulet)
rElec  +         Spirit   .     (no ring)
rCorr  +         Warding  .     (no ring)
rMut   .         Stasis   .     (no ring)
MR     .....                    (no ring)
Stlth  +++++.....               (no ring)
                                (no ring)
                                (no ring)
                                (no ring)

@: mighty, brilliant, icy armour, resistant, very slightly contaminated, hasted,
very quick, not resistant to hostile enchantments, quite stealthy
A: almost no armour, amphibious, 8 rings, constrict 8, antennae 1, slimy green
scales 1, camouflage 1, clever 1, gelatinous body 1
a: Renounce Religion


You were in an ossuary.
You worshipped Fedhas.
Fedhas was noncommittal.
You were near starving.

You visited 2 branches of the dungeon, and saw 9 of its levels.
You also visited: Ossuary.

You collected 281 gold pieces.

Inventory:

Hand Weapons
 f - a +0 blowgun
 y - a +2 trident of protection (weapon)
Missiles
 h - 25 poisoned needles
Jewellery
 C - an uncursed ring of magical power {unknown}
 D - a +4 ring of intelligence {unknown}
Wands
 g - a wand of magic darts (21)
 l - a wand of lightning (8)
 x - a wand of random effects (22)
Scrolls
 e - a scroll of fear
 j - a scroll of teleportation
 u - 3 scrolls of remove curse
 v - a scroll of blinking
 B - a scroll of silence {unknown}
 E - a scroll of identify
 F - a scroll of enchant armour {unknown}
 H - a scroll of amnesia {unknown}
Potions
 c - 2 potions of brilliance
 i - a potion of resistance
 p - 2 potions of flight
Books
 a - a book of Frost

   Spells                             Type                      Level
   a - Freeze                         Ice                          1
   b - Throw Frost                    Conjuration/Ice              2
   c - Ozocubu's Armour               Charms/Ice                   3
   d - Throw Icicle                   Conjuration/Ice              4
   e - Summon Ice Beast               Ice/Summoning                4
   f - Condensation Shield            Ice                          4
 G - Lehudib's Disquisition on Fiery Arcane Weapons
   (You found it on level 7 of the Dungeon)

   Spells                             Type                      Level
   a - Sticky Flame                   Conjuration/Fire             4
   b - Delayed Fireball               Conjuration/Fire             7
Comestibles
 b - 3 bread rations
 q - 5 meat rations
 r - a slice of pizza


   Skills:
 * Level 6.3 Dodging
 - Level 6.1 Stealth
 - Level 4.1 Spellcasting
 * Level 6.1 Conjurations
 - Level 8.5 Ice Magic


You had 2 spell levels left.
You knew the following spells:

 Your Spells              Type           Power        Failure   Level  Hunger
a - Freeze                Ice            ####         1%          1    None
b - Throw Frost           Conj/Ice       ######       1%          2    None
c - Ozocubu's Armour      Chrm/Ice       #####...     1%          3    ##.....
d - Throw Icicle          Conj/Ice       ######..     1%          4    ####...
e - Sticky Flame          Conj/Fire      #####...     3%          4    ####...


Dungeon Overview and Level Annotations

Branches:
Dungeon (8/15)             Temple (1/1) D:6
   Lair: D:8-11

Altars:
Ashenzari
Elyvilon
Fedhas
Gozag
Kikubaaqudgha
Makhleb
Nemelex Xobeh
Okawaru
Qazlal
Ru
Sif Muna
Trog
Vehumet
Xom
Yredelemnul
Zin
The Shining One

Annotations:
D:3 Grinder, Sigmund
D:4 Menkaure


Innate Abilities, Weirdness & Mutations

You cannot wear most types of armour.
You are amphibious.
You can wear up to eight rings at the same time.
You can use your tentacles to constrict eight enemies at once.
Your skin changes colour to match your surroundings (Stealth).
Your rubbery body absorbs attacks (AC +1).
You have a pair of small antennae on your head.
You are partially covered in slimy green scales (AC +2).
Your mind is acute. (Int +2)


Message History

The mummy is unaffected.
The mummy hits you but does no damage. The mummy hits you but does no damage.
Read which item? (? for menu, Esc to quit)
You cannot teleport because you are held in place by your roots.
You puncture the mummy!
The mummy is almost destroyed.
The mummy hits you but does no damage.
You closely miss the mummy.
The mummy is almost destroyed.
You are near starving!
The mummy hits you but does no damage. x2
Casting: Freeze
Confirm with . or Enter, or press ? or * to list all spells.
A film of ice covers your body! The mummy hits you but does no damage.
You puncture the mummy!
You destroy the mummy!
You feel less woody. The mummy hits you!
You die...
Fedhas appreciates your contribution to the ecosystem.

#######
#.#.#.#
#.....#
#.M.#
#M@.#
#...#
#.∩.#
#...#
##+##


You could see 2 mummies.

Vanquished Creatures
  Pikel (D:7)
  The ghost of fotsohgehT the Slasher, an amateur DEBe of Trog (Ossuary)
  The ghost of Gravenous the Chiller, an amateur OpIE (D:7)
  A hippogriff (D:7)
  An orc warrior (D:7)
  A black bear (D:6)
  3 ogres
  A sky beast (D:7)
  A centaur (D:7)
  4 giant frogs
  A crimson imp (D:7)
  3 giant frog skeletons
  2 hounds
  3 jellies
  3 orc wizards
  An orc priest (D:7)
  5 worker ants
  4 iguanas
  A hound zombie (D:6)
  A mummy (Ossuary)
  A worker ant zombie (D:6)
  A hound skeleton (D:6)
  9 adders
  6 gnolls
  2 oozes
  2 worms
  3 adder skeletons
  4 giant geckos
  23 orcs
  3 bats
  10 giant cockroaches
  15 goblins
  22 hobgoblins
  11 jackals
  3 quokkas
  2 giant gecko skeletons
  3 giant newts
  A jackal skeleton (D:4)
  12 kobolds
  6 rats
178 creatures vanquished.

Vanquished Creatures (others)
  A slave (D:7)
  A necrophage (D:7)
  20 toadstools
22 creatures vanquished.

Grand Total: 200 creatures vanquished

Notes
Turn   | Place    | Note
--------------------------------------------------------------
     0 | D:1      | Gravenous the Octopode Ice Elementalist began the quest for the Orb.
     0 | D:1      | Reached XP level 1. HP: 11/11 MP: 3/3
   217 | D:1      | Reached XP level 2. HP: 7/17 MP: 0/5
  1040 | D:1      | Reached XP level 3. HP: 21/21 MP: 6/6
  1044 | D:1      | Learned a level 2 spell: Throw Frost
  1048 | D:1      | Learned a level 3 spell: Ozocubu's Armour
  1191 | D:2      | Found a shattered altar of Ashenzari.
  1995 | D:2      | Reached XP level 4. HP: 24/27 MP: 6/8
  2087 | D:2      | Reached skill level 4 in Stealth
  2588 | D:3      | Noticed Grinder
  2717 | D:3      | Noticed Sigmund
  2903 | D:4      | Reached XP level 5. HP: 26/31 MP: 4/9
  3372 | D:4      | Found a shimmering altar of Xom.
  3464 | D:4      | Reached skill level 5 in Stealth
  3531 | D:4      | Noticed Menkaure
  3658 | D:4      | Noticed an ogre
  3665 | D:4      | Killed an ogre
  3665 | D:4      | Reached skill level 5 in Ice Magic
  3665 | D:4      | Reached XP level 6. HP: 34/36 MP: 0/11
  4278 | D:3      | Paralysed by Grinder for 4 turns
  4515 | D:4      | Found a shimmering altar of Xom.
  4741 | D:5      | Entered Level 5 of the Dungeon
  4760 | D:5      | Found a stormy altar of Qazlal.
  5244 | D:5      | Reached skill level 6 in Stealth
  5244 | D:5      | Reached XP level 7. HP: 20/41 MP: 0/13
  6002 | D:5      | Learned a level 4 spell: Throw Icicle
  6142 | D:5      | Found a sparkling altar of Nemelex Xobeh.
  6142 | D:5      | Found a radiant altar of Vehumet.
  7181 | D:6      | Found a staircase to the Ecumenical Temple.
  7201 | Temple   | Entered the Ecumenical Temple
  7206 | Temple   | Reached XP level 8. HP: 37/46 MP: 7/14
  7396 | Temple   | Became a worshipper of Fedhas Madash
  7847 | D:6      | Found a stormy altar of Qazlal.
  7873 | D:6      | Reached skill level 7 in Ice Magic
  8140 | D:7      | Noticed Gravenous's ghost (amateur OpIE)
  8355 | D:7      | Killed Gravenous's ghost
  8494 | D:7      | Reached XP level 9. HP: 17/51 MP: 11/15
  8680 | D:7      | Reached skill level 5 in Dodging
  8904 | D:7      | Reached skill level 8 in Ice Magic
  8916 | D:7      | Noticed Pikel
  8933 | D:7      | Killed Pikel
  8933 | D:7      | Reached skill level 5 in Conjurations
  9092 | D:7      | Identified Lehudib's Disquisition on Fiery Arcane Weapons
  9102 | D:7      | Learned a level 4 spell: Sticky Flame
  9358 | D:8      | Found a sand-covered staircase.
  9363 | Ossuary  | Entered an ossuary
  9363 | Ossuary  | Noticed fotsohgehT's ghost (amateur DEBe)
  9368 | Ossuary  | Gained mutation: Your spells are a little harder to cast, but a little more powerful. [potion of beneficial mutation]
  9377 | Ossuary  | Killed fotsohgehT's ghost
  9381 | Ossuary  | Lost mutation: Your spells are a little harder to cast, but a little more powerful. [potion of cure mutation]
  9388 | Ossuary  | Gained mutation: You have a pair of small antennae on your head. [potion of mutation]
  9388 | Ossuary  | Gained mutation: Your mind is acute. (Int +2) [potion of mutation]
  9388 | Ossuary  | Gained mutation: You are partially covered in slimy green scales (AC +2). [potion of mutation]
  9394 | Ossuary  | Slain by a mummy

Action                   |  1- 3 |  4- 6 |  7- 9 || total
-------------------------+-------+-------+-------++-------
Melee: Unarmed           |    41 |    12 |       ||    53
       Rapier            |       |    58 |    50 ||   108
       Trident           |       |       |   114 ||   114
 Cast: Freeze            |    27 |    69 |    84 ||   180
       Throw Frost       |       |    16 |    30 ||    46
       Ozocubu's Armour  |       |     2 |    14 ||    16
  Use: Scroll            |       |    10 |     4 ||    14
       Potion            |       |       |    14 ||    14
 Stab: Sleeping          |     3 |    13 |    22 ||    38
       Invisible         |       |       |     2 ||     2
  Eat: Chunk             |     3 |    11 |     9 ||    23
       Bread ration      |       |       |     1 ||     1
